 Dungeon Crawl Stone Soup version 0.28.0-53-g5a82cb258f (webtiles) character file.

Game seed: 736922274446829241

6 Zeld the Ruffian (level 1, 0/19 HPs)
             Began as an Ogre Transmuter on May 22, 2022.
             Slain by a giant cockroach (1 damage)
             ... on level 1 of the Dungeon.
             The game lasted 00:00:32 (63 turns).

Zeld the Ruffian (Ogre Transmuter)                    Turns: 63, Time: 00:00:32

Health: 0/19       AC:  3    Str: 13    XL:     1   Next: 90%
Magic:  3/4        EV:  9    Int: 14    God:
Gold:   10         SH:  0    Dex:  9    Spells: 4/5 levels left

rFire   . . .      SeeInvis .     - Unarmed
rCold   . . .      Faith    .   (no shield)
rNeg    . . .      Spirit   .   a - +0 robe
rPois   .          Reflect  .   (helmet restricted)
rElec   .          Harm     .   (no cloak)
rCorr   .          Rampage  .   (gloves unavailable)
Will    .....                   (boots unavailable)
Stlth   +.........              (no amulet)
HPRegen 0.06/turn               (no ring)
MPRegen 0.09/turn               (no ring)

@: very slightly contaminated
A: large, unfitting armour, tough skin 1
a: no special abilities


You were on level 1 of the Dungeon.
You visited 1 branch of the dungeon, and saw 1 of its levels.

You collected 10 gold pieces.

Inventory:

Armour
 a - a +0 robe (worn)
Scrolls
 b - a scroll of fear {unknown}


   Skills:
 + Level 1.5 Fighting
 - Level 1.7 Dodging
 - Level 2.6 Unarmed Combat
 * Level 2.5 Spellcasting
 * Level 2.0 Transmutations
 + Level 0.2 Ice Magic
 + Level 0.1 Poison Magic


You had 4 spell levels left.
You knew the following spells:

 Your Spells              Type           Power      Damage    Failure   Level
a - Beastly Appendage     Tmut           14%        N/A       10%         1

Your spell library contained the following spells:

 Spells                   Type           Power      Damage    Failure   Level
 Wereblood                Tmut           7%         N/A       16%         2
 Spider Form              Tmut/Pois      4%         N/A       41%         3
 Portal Projectile        Hex/Tloc       2%         N/A       56%         3
 Ice Form                 Ice/Tmut       5%         N/A       80%         4
 Blade Hands              Tmut           3%         N/A       95%         5
 Excruciating Wounds      Necr           0%         N/A       99%         5


Dungeon Overview and Level Annotations

Branches:
Dungeon (1/15)

Altars:


Innate Abilities, Weirdness & Mutations

You are too large for most types of armour.
You have tough skin. (AC +1)


Message History

The slug dart hits you.
Your Transmutations skill increases to level 2!
Found a whip.
You hit the dart slug.
The dart slug is moderately wounded.
The giant cockroach barely misses you. The dart slug launches a dart at you.
The slug dart hits you.
You are too injured to fight recklessly!
You hit the dart slug.
The dart slug is heavily wounded.
Your transformation is almost over.
The giant cockroach barely misses you.
You are too injured to fight recklessly!
You barely miss the dart slug.
You claw the dart slug, but do no damage.
The dart slug is heavily wounded.
The dart slug launches a dart at you. The slug dart hits you.
* * * LOW HITPOINT WARNING * * *
The giant cockroach bites you.
* * * LOW HITPOINT WARNING * * *
The giant cockroach barely misses you. The giant cockroach closely misses you.
Your horns disappear.
Your talons disappear.
Casting: Beastly Appendage (safe; 10% risk of failure)
Confirm with . or Enter, or press ? or * to list all spells.
You miscast Beastly Appendage.
You are very lightly contaminated with residual magic.
Nothing appears to happen.
The giant cockroach bites you.
* * * LOW HITPOINT WARNING * * *
Unknown command.
The giant cockroach barely misses you.
A goblin comes into view. It is wielding a +0 club.
The giant cockroach barely misses you.
The goblin moves out of view.
You see here a book of Weapons.
You pick up a book of Weapons and begin reading...
You add the spells Portal Projectile, Excruciating Wounds and Blade Hands to your library.
The giant cockroach bites you.
You die...

# ###)..#.#..........
#####...).#...#.........
........................
.<......................
.>.....#.###w.........).
....................^...
........#####...........
.........# ###B........
..♣♣♣♣♣♣≈≈♣ #.@.......
P≈≈ ≈♣≈≈≈≈≈......... ≈P≈
♣P♣P♣♣♣≈....... ≈≈
≈≈≈...... ≈ ≈≈≈♣≈....
P≈≈≈≈≈P..# ≈≈♣≈≈≈♣♣..
≈≈P ≈♣≈ ..


You could see a dart slug and a giant cockroach.

Vanquished Creatures
  An endoplasm (D:1)
  A goblin (D:1)
  A hobgoblin (D:1)
  A quokka (D:1)
  A kobold (D:1)
5 creatures vanquished.

Vanquished Creatures (others)
  A plant (D:1)
1 creature vanquished.

Grand Total: 6 creatures vanquished

Notes
Turn   | Place    | Note
-------+----------+-------------------------------------------
     0 | D:1      | Zeld the Ogre Transmuter began the quest for the Orb.
     0 | D:1      | Reached XP level 1. HP: 19/19 MP: 3/3
    63 | D:1      | Slain by a giant cockroach

Illustrated notes

Levels and vault maps discovered:
D:1:      dpeg_arrival_tiny_a, layout_rooms, serial_bayou_lake_a

Skill      XL: |  1 |
---------------+----+-----
Transmutations | 2 |  2.0
Fighting       | |  1.5
Dodging        | |  1.7
Unarmed Combat | |  2.6
Spellcasting   | |  2.5
Ice Magic      | |  0.2
Poison Magic   | |  0.1

Action                   || total
-------------------------++-------
Melee: Unarmed           ||    20
       Kick              ||     4
 Cast: Beastly Appendage ||     3
Armor: Robe              ||     5
Dodge: Dodged            ||    12
